 Dungeon Crawl Stone Soup version 0.26-a0-393-g67388ea477 (webtiles) character file.

Game seed: 13827510433131044775

60 Greenblue the Ruffian (level 4, 0/36 HPs)
             Began as a Ghoul Warper on July 22, 2020.
             Slain by a leopard gecko (1 damage)
             ... on level 2 of the Dungeon.
             The game lasted 00:05:13 (1744 turns).

Greenblue the Ruffian (Ghoul Warper)                Turns: 1744, Time: 00:05:14

Health: 0/36       AC:  3    Str: 14    XL:     4   Next: 6%
Magic:  5/5        EV: 11    Int:  9    God:
Gold:   131        SH:  0    Dex:  8    Spells: 6/6 levels left

rFire    . . .     SeeInvis .     - Unarmed
rCold    + . .     Faith    .   (no shield)
rNeg     + + +     Spirit   .   a - +0 leather armour
rPois    ∞         Reflect  .   (no helmet)
rElec    .         Harm     .   (no cloak)
rCorr    .                      (no gloves)
MR       .....                  (no boots)
Stlth    +.........             (no amulet)
HPRegen  0.00/turn              (no ring)
MPRegen  0.09/turn              (no ring)

@: no status effects
A: rotting body, claws 1, cold resistance 1, negative energy resistance 3,
inhibited regeneration, torment resistance, unbreathing
a: no special abilities


You were on level 2 of the Dungeon.
You visited 1 branch of the dungeon, and saw 2 of its levels.

You collected 131 gold pieces.

Inventory:

Missiles
 d - 5 boomerangs of dispersal (quivered)
Armour
 a - a +0 leather armour (worn)
Jewellery
 g - an uncursed ring of see invisible
Scrolls
 c - a scroll of blinking
 h - a scroll of identify {unknown}
 j - a scroll of noise {unknown}
Potions
 e - a potion of invisibility {unknown}
 f - a potion of magic
 i - a potion of heal wounds {unknown}
 k - 2 potions of haste {unknown}


   Skills:
 - Level 2.1 Fighting
 - Level 0.8 Throwing
 - Level 0.8 Armour
 - Level 1.7 Dodging
 + Level 4.6 Unarmed Combat
 - Level 1.7 Spellcasting
   Level 2.6 Translocations


You had 6 spell levels left.
You didn't know any spells.
Your spell library contained the following spells:

 Spells                   Type           Power        Failure   Level
 Blink                    Tloc           N/A          22%         2
 Gell's Gravitas          Tloc           #.........   38%         3
 Lesser Beckoning         Tloc           #.........   38%         3
 Teleport Other           Tloc           #.......     38%         3
 Passage of Golubria      Tloc           N/A          80%         4


Dungeon Overview and Level Annotations

Branches:
Dungeon (2/15)

Altars:


Innate Abilities, Weirdness & Mutations

Your body is rotting away.
You thrive by killing the living.
You are immune to poison.
You have sharp fingernails.
Your flesh is cold resistant. (rC+)
You are immune to negative energy. (rN+++)
You do not regenerate when monsters are visible.
You are immune to unholy pain and torment.
You can survive without breathing.


Message History

You kill the gnoll!
You feel better.
You have reached level 4!
The leopard gecko bites you but does no damage.
You completely miss the leopard gecko. The leopard gecko bites you.
* * * LOW HITPOINT WARNING * * *
You scratch the leopard gecko.
The leopard gecko is heavily wounded.
The leopard gecko closely misses you. The leopard gecko barely misses you.
You scratch the leopard gecko but do no damage.
The leopard gecko is heavily wounded.
The leopard gecko barely misses you.
You closely miss the leopard gecko.
The leopard gecko is heavily wounded.
The leopard gecko bites you.
* * * LOW HITPOINT WARNING * * *
It was a potion of magic.
Magic courses through your body. The leopard gecko bites you.
You die...

#. ..#.## ###.###....##
............#
......=.....####
...............#
............##.#
.......!....##.########
...........r...........#
...........#@..........#
.........).l...........#
.......................#
...(.....<.(...........#
.......#.#........(....#
.......................#
..>....................#
.....................)#####
.....##.......)..........#


You could see a leopard gecko and a rat.

Vanquished Creatures
  A gnoll (D:2)
  An adder (D:2)
  An ooze (D:1)
  3 dart slugs (D:1)
  4 orcs (D:1)
  3 goblins
  2 hobgoblins (D:1)
  4 bats
  6 frilled lizards (D:1)
  4 kobolds
  4 rats (D:1)
33 creatures vanquished.

Notes
Turn   | Place    | Note
-------+----------+-------------------------------------------
     0 | D:1      | Greenblue the Ghoul Warper began the quest for the Orb.
     0 | D:1      | Reached XP level 1. HP: 17/17 MP: 2/2
   391 | D:1      | Reached skill level 3 in Unarmed Combat
   391 | D:1      | Reached XP level 2. HP: 21/24 MP: 3/3
   813 | D:1      | Reached XP level 3. HP: 29/29 MP: 4/4
  1142 | D:2      | Reached skill level 4 in Unarmed Combat
  1736 | D:2      | HP: 1/29 [gnoll/+0 halberd (7)]
  1737 | D:2      | Reached XP level 4. HP: 5/36 MP: 5/5
  1743 | D:2      | HP: 1/36 [leopard gecko (3)]
  1744 | D:2      | Slain by a leopard gecko

Illustrated notes

Levels and vault maps discovered:
D:1:      nzn_arrival_settlement, layout_basic, minmay_small_reverse_x
D:2:      cheibrodos_old_hovel, layout_rooms, elyvilon_altar_1

Skill      XL: |  1  2  3 |
---------------+----------+-----
Unarmed Combat | 3 4 |  4.6
Fighting       | |  2.1
Throwing       | |  0.8
Armour         | |  0.8
Dodging        | |  1.7
Spellcasting   | |  1.7
Translocations | |  2.6

Action                   |  1- 3 |  4- 6 || total
-------------------------+-------+-------++-------
Melee: Unarmed           |   141 |     4 ||   145
  Use: Scroll            |     1 |       ||     1
       Potion            |       |     1 ||     1
Armor: Leather armour    |    39 |     1 ||    40
Dodge: Dodged            |    94 |     3 ||    97

Table legend: (Time is in decaauts)
 A = Elapsed time spent in this place.
 B = Non-inter-level travel time spent in this place.
 C = Inter-level travel time spent in this place.
 D = Time resting spent in this place.
 E = Time spent auto-exploring this place.
 F = Levels seen in this place.
 G = Mean time per level.
                   A        B        C        D        E       F      G
               +--------+--------+--------+--------+--------+-----+--------+
         Total |   1739 |   1669 |     70 |    640 |    641 |   2 |  869.5 |
       Dungeon |   1739 |   1669 |     70 |    640 |    641 |   2 |  869.5 |
               +--------+--------+--------+--------+--------+-----+--------+

Top non-repeatable levels by time:
     D:1: 1500 daAuts
     D:2: 239 daAuts
